 Dungeon Crawl Stone Soup version 0.31-a0-485-gaadceae713 (webtiles) character file.

Game seed: 15988259362503281084

4399 senseless the Slasher (level 10, 0/80 HPs)
             Began as a Demonspawn Gladiator on Aug 7, 2023.
             Was a Priest of Ru.
             Slain by a two-headed ogre
             ... wielding a +0 giant spiked club
              (11 damage)
             ... on level 9 of the Dungeon.
             The game lasted 00:26:39 (7173 turns).

senseless the Slasher (Demonspawn Gladiator)        Turns: 7173, Time: 00:26:40

Health: 0/80       AC:  8    Str: 15    XL:     10   Next: 13%
Magic:  10/10      EV: 23    Int: 12    God:    Ru [***...]
Gold:   84         SH:  0    Dex: 25    Spells: 9/9 levels left

rFire   + . .        K - +0 great sword
rCold   + . .        (shield currently unavailable)
rNeg    . . .        h - +2 robe {Will+}
rPois   .            c - +0 helmet
rElec   .            M - scarf of Geojoify {rC+ rF+, Will+ Int+3}
rCorr   .            (no gloves)
SInv    .            (no boots)
Will    ++...        v - amulet of regeneration
Stlth   ++           u - +6 ring of dexterity
HPRegen 1.13/turn    T - +5 ring of evasion
MPRegen 0.12/turn

%: no passive effects
@: slowed, studying Long Blades, unable to drink, very slow
A: claws 1, molten scales 2, demonic guardian 1, foul stench 3, inability to
drink after injury 2, inability to use devices
a: Renounce Religion, Draw Out Power


You were on level 9 of the Dungeon.
You worshipped Ru.
Ru was most pleased with you.
You visited 2 branches of the dungeon, and saw 10 of its levels.

You collected 360 gold pieces.
You spent 276 gold pieces at shops.

Inventory:

Hand Weapons
 a - a +0 long sword
 b - the +7 hand axe of Cuanynudgh {speed, Dex+5 Stlth+}
   (You found it on level 4 of the Dungeon)

   Dex:       It affects your dexterity (+5).
   Stlth:     It makes you more stealthy.
 f - a +1 whip of flaming
 K - a +0 great sword (weapon)
Missiles
 d - a throwing net (quivered)
 e - 3 javelins
 t - 3 curare-tipped darts
 I - 17 poisoned darts
Armour
 c - a +0 helmet (worn)
 g - a +0 cloak
 h - a +2 robe of willpower (worn)
 m - a +0 ring mail
 o - a +0 chain mail
 y - a +0 scale mail
 H - a +0 leather armour
 L - a +1 buckler of positive energy
 M - the scarf of Geojoify (worn) {rC+ rF+, Will+ Int+3}
   (You found it on level 5 of the Dungeon)

   Int:       It affects your intelligence (+3).
   Will:      It increases your willpower.
 P - a +1 robe of resistance
Jewellery
 n - a ring of wizardry
 r - a +6 ring of intelligence
 s - a ring of fire
 u - a +6 ring of dexterity (left claw)
 v - an amulet of regeneration (around neck)
 B - a +6 ring of strength
 R - a +6 ring of intelligence
 T - a +5 ring of evasion (right claw)
Talismans
 S - a maw talisman
Wands
 w - a wand of mindburst (19)
 F - a wand of acid (10)
 N - a wand of polymorph (4)
 Q - a wand of flame (21)
Scrolls
 i - 2 scrolls of fog
 j - 3 scrolls of amnesia
 k - a scroll of blinking
 p - a scroll of revelation
 D - a scroll of poison
 E - a scroll of identify
 G - 2 scrolls of enchant weapon
Potions
 l - 2 potions of enlightenment
 q - a potion of lignification
 x - 4 potions of brilliance
 z - 2 potions of attraction
 A - 3 potions of heal wounds
 C - 2 potions of might
 J - a potion of curing
 O - a potion of mutation


   Skills:
 + Level 7.6 Fighting
 + Level 7.9 Long Blades
 + Level 7.0 Throwing
 + Level 7.3 Dodging


You had 9 spell levels left.
You didn't know any spells.
Your spell library contained the following spells:

 Spells                   Type           Power      Damage    Failure   Level
 Summon Small Mammal      Summ           0%         N/A       32%         1
 Cigotuvi's Dreadful Rot  Necr/Pois/Air  0%         N/A       45%         2
 Lesser Beckoning         Tloc           0%         N/A       45%         2
 Poisonous Vapours        Pois/Air       0%         N/A       45%         2
 Call Canine Familiar     Summ           0%         N/A       69%         3
 Gell's Gravitas          Tloc           0%         N/A       69%         3
 Mephitic Cloud           Conj/Pois/Air  0%         N/A       69%         3
 Ozocubu's Armour         Ice            0%         N/A       69%         3
 Summon Guardian Golem    Hex/Summ       0%         N/A       69%         3
 Teleport Other           Tloc           0%         N/A       69%         3
 Dispel Undead            Necr           0%         3d6       97%         4
 Freezing Cloud           Conj/Ice/Air   0%         6-21      100%        5
 Death Channel            Necr           0%         N/A       100%        6
 Dispersal                Tloc           0%         N/A       100%        6
 Ozocubu's Refrigeration  Ice            0%         4d7       100%        7


Dungeon Overview and Level Annotations

Branches:
Dungeon (9/15)             Temple (1/1) D:4
   Lair: D:8-11         Orc: D:9-12

Altars:
Ashenzari
Cheibriados
Dithmenos
Fedhas
Gozag
Hepliaklqana
Kikubaaqudgha
Makhleb
Nemelex Xobeh
Okawaru
Qazlal
Ru
Sif Muna
Trog
Vehumet
Wu Jian
Xom
Yredelemnul

Shops:
D:7 ?


Innate Abilities, Weirdness & Mutations

You have sharp fingernails.
You are mostly covered in molten scales. (AC +3)
A weak demonic guardian rushes to your aid.
You frequently emit foul miasma when damaged in melee.
You sometimes lose the ability to drink potions when taking damage.
You cannot study or use magical devices.


Message History

Items here: )) [[ †††.
Okay, then.
Search for what [Enter for "buck", or ? for help]? long
There is a stone staircase leading down, spattered with blood here.
You climb downwards.
The hornet buzzes angrily.
The orc wizard completely misses you.
There is a stone staircase leading up, spattered with blood here.
You slice the orc wizard!!
You kill the orc wizard!
The hornet is stunned by your conviction and fails to attack.
The orc misses you. The hornet stings you!
You suddenly lose the ability to move!
You stop ascending the stairs.
The orc hits you but does no damage.
The two-headed ogre hits you with a +0 giant spiked club!
The two-headed ogre hits you with a +0 giant spiked club.
The hornet is stunned by your conviction and fails to attack.
The hornet stings you!
You feel yourself slow down.
You emit a cloud of foul miasma!
The orc hits you with a +0 short sword.
You focus your inner power and blind the orc in retribution!
The two-headed ogre hits you with a +0 giant spiked club!!
You feel threatened and lose the ability to drink potions!
* * * LOW HITPOINT WARNING * * *
You emit a cloud of foul miasma!
The two-headed ogre hits you with a +0 giant spiked club!
* * * LOW HITPOINT WARNING * * *
You focus your inner power and illuminate the two-headed ogre in retribution!
The hornet is engulfed in dark miasma.
The hornet is poisoned.
The hornet seems to slow down.
The hornet stings you.
* * * LOW HITPOINT WARNING * * *
You feel as though you will be slow longer.
The orc hits you with a +0 short sword.
* * * LOW HITPOINT WARNING * * *
A demonic guardian appears!
The hornet is engulfed in dark miasma.
The hornet looks even sicker.
The hornet stings you but does no damage.
You can move again.
The two-headed ogre attacks as you move away!
The two-headed ogre hits you with a +0 giant spiked club!
You die...

..#### ..$...#
.......## ..o?...<##
# ...o....##. ..
.h!!....##.######...
....o...##...5....#
.....(o.####@y.#####
...........Ooo......
...........o.###..##
.........##### .#
......(.## ........#
........# .......#.
.>....


You could see a two-headed ogre (corona), a hornet (very poisoned, slow, ally
target), 3 orcs and a friendly iron imp (summoned).

Vanquished Creatures
  Pikel (D:6)
  Prince Ribbit (D:5)
  A hornet (D:8)
  A steam dragon (D:8)
  Edmund (D:4)
  An acid dragon (D:8)
  2 water moccasins
  2 orc warriors (D:8)
  2 ice beasts
  2 black bears
  2 ogres
  4 centaurs
  A lemure (D:6)
  2 kobold brigands (D:6)
  2 scorpions
  5 wights (D:5)
  8 killer bees (D:8)
  3 howler monkeys
  4 orc priests
  A jelly (D:6)
  A gnoll bouda (D:5)
  5 hounds
  A sleepcap (D:6)
  6 iguanas
  9 orc wizards
  Robin (D:4)
  10 gnolls
  5 adders
  A shadow imp (D:5)
  A white imp (D:6)
  2 ufetubi
  2 worms
  3 dart slugs
  29 orcs
  12 ball pythons
  7 bats
  4 endoplasms
  2 giant cockroaches
  16 goblins
  10 hobgoblins
  4 jackals (D:4)
  4 quokkas
  4 frilled lizards
  22 kobolds
  4 rats (D:1)
211 creatures vanquished.

Vanquished Creatures (others)
  A howler monkey (D:8)
  3 orcs (D:8)
4 creatures vanquished.

Grand Total: 215 creatures vanquished

Notes
Turn   | Place    | Note
-------+----------+-------------------------------------------
     0 | D:1      | senseless the Demonspawn Gladiator began the quest for the
                  | Orb.
     0 | D:1      | Reached XP level 1. HP: 16/16 MP: 1/1
    88 | D:1      | Gained mutation: You may rarely emit foul miasma when
                  | damaged in melee. [demonic ancestry]
    88 | D:1      | Reached XP level 2. HP: 17/22 MP: 2/2
   979 | D:2      | Gained mutation: You sometimes emit foul miasma when
                  | damaged in melee. [demonic ancestry]
   979 | D:2      | Reached XP level 3. HP: 27/28 MP: 3/3
  1461 | D:2      | Found a faded altar of an unknown god.
  1831 | D:3      | Gained mutation: You are partially covered in molten
                  | scales. (AC +2) [demonic ancestry]
  1831 | D:3      | Reached XP level 4. HP: 34/34 MP: 4/4
  2170 | D:3      | Found a bloodstained altar of Trog.
  2173 | D:3      | Found a stormy altar of Qazlal.
  2178 | D:3      | Found a shimmering altar of Xom.
  2180 | D:3      | Found an ancient bone altar of Kikubaaqudgha.
  2181 | D:3      | Found a sacrificial altar of Ru.
  2186 | D:3      | Found a burning altar of Makhleb.
  2190 | D:3      | Found a radiant altar of Vehumet.
  2220 | D:3      | Became a worshipper of Ru the Awakened
  2351 | D:4      | Gained mutation: You are mostly covered in molten scales.
                  | (AC +3) [demonic ancestry]
  2351 | D:4      | Reached XP level 5. HP: 41/41 MP: 5/5
  2683 | D:4      | Noticed Robin
  2697 | D:4      | Killed Robin
  2734 | D:4      | Found an opulent altar of Gozag.
  2734 | D:4      | Found a faded altar of an unknown god.
  2741 | D:4      | Found a faded altar of an unknown god.
  2747 | D:4      | Found a shadowy altar of Dithmenos.
  2749 | D:4      | Found an ornate altar of the Wu Jian Council.
  2776 | D:4      | Found a staircase to the Ecumenical Temple.
  2787 | Temple   | Entered the Ecumenical Temple
  2886 | D:4      | Gained mutation: A weak demonic guardian rushes to your
                  | aid. [demonic ancestry]
  2886 | D:4      | Reached XP level 6. HP: 47/47 MP: 6/6
  3016 | D:4      | Gained mutation: You occasionally lose the ability to drink
                  | potions when taking damage. [Ru sacrifice]
  3016 | D:4      | Gained mutation: You sometimes lose the ability to drink
                  | potions when taking damage. [Ru sacrifice]
  3016 | D:4      | Reached * piety under Ru
  3048 | D:4      | Noticed Edmund
  3073 | D:4      | Killed Edmund
  3196 | D:4      | Identified the +7 hand axe of Cuanynudgh {speed, Dex+5
                  | Stlth+}
  3508 | D:5      | Entered Level 5 of the Dungeon
  3527 | D:5      | Noticed an ice beast
  3535 | D:5      | Gained mutation: You frequently emit foul miasma when
                  | damaged in melee. [demonic ancestry]
  3535 | D:5      | Reached XP level 7. HP: 53/54 MP: 7/7
  3609 | D:5      | Identified the scarf of Geojoify {rC+ rF+, Will+ Int+3}
  3638 | D:5      | Reached skill level 5 in Long Blades
  3713 | D:5      | Reached skill level 5 in Dodging
  3717 | D:5      | Reached skill level 5 in Fighting
  3717 | D:5      | Reached XP level 8. HP: 17/62 MP: 8/8
  3781 | D:5      | Noticed Prince Ribbit
  3806 | D:5      | Killed Prince Ribbit
  3980 | D:5      | Reached skill level 5 in Throwing
  4325 | D:6      | Noticed Pikel
  4336 | D:6      | Killed Pikel
  4386 | D:6      | Reached XP level 9. HP: 69/69 MP: 9/9
  5456 | D:7      | Gained mutation: You cannot study or use magical devices.
                  | [Ru sacrifice]
  5456 | D:7      | Reached ** piety under Ru
  5456 | D:7      | Reached *** piety under Ru
  6121 | D:7      | Found Xuecack's Magic Scroll Emporium.
  6124 | D:7      | Bought a scroll of enchant weapon for 90 gold pieces
  6124 | D:7      | Bought a scroll of enchant weapon for 90 gold pieces
  6125 | D:7      | Identified a scroll of acquirement
  6125 | D:7      | Acquired a manual of Long Blades
  6423 | D:7      | Bought a scroll of identify for 24 gold pieces
  6423 | D:7      | Bought a scroll of identify for 24 gold pieces
  6423 | D:7      | Bought a scroll of poison for 48 gold pieces
  6552 | D:8      | Paralysed by a hornet for 3 turns
  6691 | D:8      | Found a blossoming altar of Fedhas.
  6981 | D:8      | Gained mutation: You have sharp fingernails. [demonic
                  | ancestry]
  6981 | D:8      | Reached XP level 10. HP: 66/79 MP: 10/10
  7147 | D:9      | Noticed a two-headed ogre
  7170 | D:9      | Paralysed by a hornet for 3 turns
  7173 | D:9      | Slain by a two-headed ogre

Illustrated notes

Levels and vault maps discovered:
D:1:      dpeg_arrival_lava_temple_mockup, layout_basic, minmay_crystal_water,
          minmay_misc_feat_columns
D:2:      layout_loops_ring, hellmonk_ecumenical_altar_inner_sanctum
D:3:      layout_basic, nicolae_overflow_hallway_of_the_gods
D:4:      cheibrodos_old_hovel, layout_basic,
          chequers_temple_overflow_minitemple, minmay_temple_entry_offerings,
          uniq_robin, uniq_edmund
D:5:      layout_rooms, uniq_prince_ribbit1
D:6:      layout_basic, st_stairs_5, kennysheep_generic_room_8, uniq_pikel
D:7:      layout_layer_cave, serial_shops, nicolae_shop_rolled_up,
          kennysheep_generic_room_4
D:8:      layout_cave_pools, fedhas_altar_1, roderic_cross_of_infinity
D:9:      layout_rooms, nicolae_uskayaw_en_pointe, uniq_maggie
Temple:   nicolae_temple_ecumenical_triangle

Skill      XL: |  1  2  3  4  5  6  7  8  9 10 |
---------------+-------------------------------+-----
Throwing       | 2 3 4 5 6 7 |  7.0
Dodging        | 3 4 5 6 7 |  7.3
Long Blades    | 3 4 5 6 7 |  7.9
Fighting       | 3 4 5 6 7 |  7.6

Action                     |  1- 3 |  4- 6 |  7- 9 | 10-12 || total
---------------------------+-------+-------+-------+-------++-------
  Melee: Long sword        |   144 |   170 |       |       ||   314
         Punch             |     1 |     1 |       |       ||     2
         Hand axe          |       |     8 |    22 |       ||    30
         Great sword       |       |       |   234 |    39 ||   273
  Throw: Throwing net      |     1 |     2 |       |       ||     3
 Invoke: Sacrifice Drink   |       |     1 |       |       ||     1
         Sacrifice Artific |       |       |     1 |       ||     1
    Use: Scroll            |       |       |    19 |       ||    19
   Stab: Held in net/web   |     1 |     1 |       |       ||     2
         Sleeping          |       |       |     4 |       ||     4
         Invisible         |       |       |     3 |     1 ||     4
 Armour: Leather armour    |    17 |       |       |       ||    17
         Ring mail         |     6 |       |       |       ||     6
         Chain mail        |    46 |     7 |       |       ||    53
         Scale mail        |       |   100 |    48 |       ||   148
         Robe              |       |       |    69 |    14 ||    83
  Dodge: Dodged            |    91 |   137 |   263 |   115 ||   606

Table legend: (Time is in decaauts)
 A = Elapsed time spent in this place.
 B = Non-inter-level travel time spent in this place.
 C = Inter-level travel time spent in this place.
 D = Time resting spent in this place.
 E = Time spent auto-exploring this place.
 F = Levels seen in this place.
 G = Mean time per level.
                   A        B        C        D        E       F      G
               +--------+--------+--------+--------+--------+-----+--------+
         Total |   7345 |   6983 |    362 |    255 |   5082 |  10 |  734.5 |
       Dungeon |   7344 |   6982 |    362 |    255 |   5082 |   9 |  816.0 |
        Temple |      1 |      1 |      0 |      0 |      0 |   1 |    1.0 |
               +--------+--------+--------+--------+--------+-----+--------+

Top non-repeatable levels by time:
     D:7: 1388 daAuts
     D:4: 1218 daAuts
     D:6: 934 daAuts
     D:1: 924 daAuts
     D:2: 869 daAuts
     D:8: 722 daAuts
     D:5: 661 daAuts
     D:3: 595 daAuts
     D:9: 29 daAuts
  Temple: 1 daAuts
